AoeStats
← christiaN

Arena

505659936Analyzed
1v1 RM · 22d ago on Sep 10, 2026· 90m 50s· 2 players
Game mode
Random Map
Map size
Tiny (2 player)
Population
200
Speed
Normal
Resources
Standard
Victory
Conquest
Starting age
Dark Age
Ending age
Imperial Age
RankedLock teamsTeams togetherTeam positionsShared explorationLock speedFull tech treeHidden civsTurbo modeCheats
Victory
Defeat
🇩🇪 Teutons · Germany
758
+18
🇨🇳 Turks · China
799
-18
christiaN
2:27 Loom
10:18 Feudal Age
10:46 Double-Bit Axe
11:09 Horse Collar
17:25 Castle Age
18:40 Scale Barding Armor
18:36 Scale Mail Armor
18:47 Forging
21:48 Pikeman
24:28 Man-at-Arms
26:10 Wheelbarrow
29:57 Imperial Age
28:47 Bloodlines
29:15 Fervor
30:15 Long Swordsman
30:21 Cavalier
31:30 Bow Saw
32:22 Heavy Plow
33:16 Iron Casting
33:51 Fortified Wall
33:05 Two-Handed Swordsman
34:41 Chain Barding Armor
34:44 Hand Cart
37:25 Chain Mail Armor
41:15 Crop Rotation
41:59 Plate Barding Armor
41:54 Two-Handed Swordsman
42:40 Onager
43:32 Siege Engineers
45:45 Two-Man Saw
48:36 Gold Mining
48:38 Stone Mining
50:20 Paladin
52:02 Blast Furnace
53:35 Plate Mail Armor
52:32 Elite Teutonic Knight
52:50 Champion
53:16 Gambesons
54:19 Ironclad
55:36 Crenellations
55:54 Hoardings
55:40 Conscription
55:34 Masonry
56:35 Squires
56:59 Ballistics
58:51 Halberdier
59:18 Arson
60:39 Fletching
60:49 Padded Archer Armor
62:57 Sappers
64:05 Stone Shaft Mining
67:12 Guard Tower
67:08 Arrowslits
70:26 Bodkin Arrow
70:47 Leather Archer Armor
79:52 Siege Onager
LunaFlick
12:31 Feudal Age
13:01 Double-Bit Axe
13:10 Gold Mining
17:55 Castle Age
16:36 Horse Collar
18:26 Bloodlines
29:11 Imperial Age
28:01 Padded Archer Armor
28:53 Gold Shaft Mining
30:03 Bow Saw
31:18 Heavy Plow
31:27 Town Watch
34:15 Husbandry
38:37 Wheelbarrow
39:36 Two-Man Saw
40:42 Stone Mining
41:34 Hand Cart
43:08 Artillery
46:24 Elite Janissary
50:48 Masonry
56:10 Hoardings
56:15 Scale Barding Armor
56:23 Forging
59:41 Fortified Wall
61:42 Town Patrol
62:08 Ballistics
62:21 Architecture
67:10 Leather Archer Armor
Connection lost

Rejoining the realm…

Still unreachable

The connection could not be restored.

Session expired

The server has moved on; the page needs a fresh start.